 Dungeon Crawl Stone Soup version 0.17.0-28-g6e173f8 (webtiles) character file.

2147 4thArraOfDagon the Cleaver (level 9, -2/81 HPs)
             Began as a Minotaur Berserker on Nov 22, 2015.
             Was a Believer of Trog.
             Slain by an ogre
             ... wielding a +0 giant club
              (22 damage)
             ... on level 12 of the Dungeon.
             The game lasted 00:06:24 (1088 turns).

4thArraOfDagon the Cleaver (Minotaur Berserker)     Turns: 1088, Time: 00:06:24

Health: -2/81      AC: 15    Str: 21    XL:     9   Next: 9%
Magic:  8/8        EV:  7    Int:  7    God:    Trog [**....]
Gold:   158        SH:  0    Dex: 11    Spells: 0 memorised, 8 levels left

rFire  . . .     SeeInvis +     h - +0 war axe
rCold  . . .     Clarity  .     f - +0 plate armour
rNeg   . . .     SustAt   .     (no shield)
rPois  .         Gourm    .     (helmet restricted)
rElec  .         Spirit   .     (no cloak)
rCorr  .         Warding  .     (no gloves)
rMut   .         Stasis   .     k - +1 pair of boots
MR     ++...                    (no amulet)
Stlth  ..........               (no ring)
                                w - ring of see invisible

@: exhausted, regenerating, very resistant to hostile enchantments, extremely
unstealthy
A: retaliatory headbutt, horns 2
a: Berserk, Trog's Hand, Burn Spellbooks, Renounce Religion


You were on level 12 of the Dungeon.
You worshipped Trog.
Trog was pleased with you.
You were very hungry.

You visited 1 branch of the dungeon, and saw 11 of its levels.

You collected 158 gold pieces.

Inventory:

Hand Weapons
 a - a +0 hand axe
 h - a +0 war axe (weapon)
Armour
 f - a +0 plate armour (worn)
 k - a +1 pair of boots (worn)
 p - a troll hide
Jewellery
 w - a ring of see invisible (left hand)
Scrolls
 d - a scroll of immolation
 i - a scroll of enchant weapon {unknown}
 l - 2 scrolls of identify {unknown}
 r - a scroll of summoning {unknown}
 s - a scroll of remove curse {unknown}
 v - a scroll of teleportation {unknown}
Potions
 e - a potion of invisibility {unknown}
 j - a potion of flight {unknown}
 n - a potion of might {unknown}
 u - a potion of resistance {unknown}
Books
 o - a book of Unlife

   Spells                             Type                      Level
   a - Recall                         Summoning/Translocation      3
   b - Animate Dead                   Necromancy                   4
   c - Control Undead                 Necromancy                   4
   d - Cigotuvi's Embrace             Necromancy                   5
   e - Death Channel                  Necromancy                   6
   f - Simulacrum                     Ice/Necromancy               6
   Trog disapproves of the use of such an item.
 t - a book of Changes

   Spells                             Type                      Level
   a - Beastly Appendage              Transmutation                1
   b - Sticks to Snakes               Transmutation                2
   c - Spider Form                    Transmutation/Poison         3
   d - Ice Form                       Ice/Transmutation            4
   e - Blade Hands                    Transmutation                5
   Trog disapproves of the use of such an item.
Comestibles
 b - a chunk of flesh
 c - a bread ration
 q - 2 slices of pizza


   Skills:
 + Level 8.0 Fighting
 * Level 10.7 Axes
 + Level 7.5 Armour
 - Level 2.1 Dodging


You had 8 spell levels left.
You didn't know any spells.

Dungeon Overview and Level Annotations

Branches:
Dungeon (12/15)
 Temple: D:4-7         Lair: D:8-11         Orc: D:9-12

Altars:
Ru

Shops:
D:6 :

Annotations:
D:12 Maurice


Innate Abilities, Weirdness & Mutations

You reflexively headbutt those who attack you in melee.
You have a pair of horns on your head.


Message History

You aren't carrying any items that can be evoked.
Unknown command.
Drink which item? (? for menu, Esc to quit)
Okay, then.
Read which item? (? for menu, Esc to quit)
Okay, then.
You aren't carrying any items that can be evoked.
Unknown command.
Drink which item? (? for menu, Esc to quit)
It was a potion of cancellation.
Your magical effects are unravelling.
You feel magically purged.
You feel yourself speed up. The ogre barely misses you.
Unknown command.
You feel the effects of Trog's Hand fading.
Maurice gestures wildly while chanting.
Maurice flickers and vanishes for a moment.
The ogre hits you with a giant club!!
You die...

######## ###
#......##### ....
#..........#### .....
#.<....###....##......
#......# ####@O)@.....
#......# ####......
#......# .....
#......# .... #......#
... #####.## ## #..#
######'#####
#...........####


You could see Maurice (invisible) and an ogre.

Vanquished Creatures
  A gargoyle (D:12)
  A centaur skeleton (D:12)
  A troll (D:8)
  Eustachio (D:6)
  4 vampire mosquitoes (D:12)
  A water moccasin (D:8)
  2 ogres
  A centaur (D:9)
  2 giant frogs
  A water moccasin skeleton (D:7)
  A jelly (D:11)
  An orc priest (D:11)
  An iguana (D:11)
  Natasha (D:2)
  A worker ant (D:5)
  A hound zombie (D:8)
  3 gnolls (D:6)
  2 adders
  An adder skeleton (D:6)
  A giant gecko (D:8)
  9 orcs
  4 jackals (D:3)
  2 kobolds (D:3)
  3 quokkas
  A ball python (D:3)
  A goblin (D:2)
  A rat (D:3)
49 creatures vanquished.

Notes
Turn   | Place    | Note
--------------------------------------------------------------
     0 | D:1      | 4thArraOfDagon the Minotaur Berserker began the quest for the Orb.
     0 | D:1      | Reached XP level 1. HP: 19/19 MP: 0/0
   131 | D:2      | Noticed Natasha
   136 | D:2      | Killed Natasha
   136 | D:2      | Reached skill level 4 in Axes
   136 | D:2      | Reached XP level 2. HP: 27/27 MP: 1/1
   192 | D:3      | Reached XP level 3. HP: 33/33 MP: 2/2
   224 | D:3      | Reached ** piety under Trog
   254 | D:3      | SHAFT:(
   269 | D:5      | Entered Level 5 of the Dungeon
   287 | D:5      | Reached skill level 5 in Axes
   287 | D:5      | Reached XP level 4. HP: 37/41 MP: 3/3
   332 | D:6      | Noticed Eustachio
   336 | D:6      | Killed Eustachio
   336 | D:6      | Reached skill level 5 in Fighting
   336 | D:6      | Reached skill level 6 in Axes
   336 | D:6      | Reached XP level 5. HP: 48/48 MP: 4/4
   356 | D:6      | Found Afoekhly's Book Shoppe.
   379 | D:6      | Found a sacrificial altar of Ru.
   516 | D:8      | Noticed a troll
   525 | D:8      | Noticed an ogre
   541 | D:8      | Killed a troll
   541 | D:8      | Reached skill level 7 in Axes
   541 | D:8      | Reached XP level 6. HP: 56/56 MP: 5/5
   542 | D:8      | Killed an ogre
   542 | D:8      | Reached XP level 7. HP: 54/62 MP: 6/6
   570 | D:7      | Reached skill level 5 in Armour
   726 | D:8      | Noticed a water moccasin
   741 | D:8      | Killed a water moccasin
   741 | D:8      | Reached skill level 8 in Axes
   832 | D:9      | You fall through a shaft for 2 floors!
   971 | D:12     | Noticed a centaur skeleton
   981 | D:12     | Killed a centaur skeleton
   981 | D:12     | Reached skill level 9 in Axes
   981 | D:12     | Reached XP level 8. HP: 63/73 MP: 7/7
  1057 | D:12     | Noticed Maurice
  1061 | D:12     | Noticed a gargoyle
  1070 | D:12     | Reached skill level 10 in Axes
  1086 | D:12     | Killed a gargoyle
  1086 | D:12     | Reached XP level 9. HP: 18/81 MP: 8/8
  1088 | D:12     | Slain by an ogre

Action                   |  1- 3 |  4- 6 |  7- 9 || total
-------------------------+-------+-------+-------++-------
Melee: Hand axe          |    27 |       |       ||    27
       War axe           |     5 |    17 |    83 ||   105
Invok: Berserk           |     2 |     2 |     2 ||     6
       Trog's Hand       |       |       |     3 ||     3
  Use: Scroll            |       |       |     1 ||     1
       Potion            |       |       |     3 ||     3
  Eat: Chunk             |       |     2 |     4 ||     6
